 Dungeon Crawl Stone Soup version 0.21-a0-525-ga34b322 (webtiles) character file.

1812 Amnesiac the Shooter (level 8, -1/62 HPs)
             Began as a Mummy Hunter on Dec 7, 2017.
             Slain by Canard's ghost (8 damage)
             ... on level 6 of the Dungeon.
             The game lasted 00:08:02 (4276 turns).

Amnesiac the Shooter (Mummy Hunter)                 Turns: 4276, Time: 00:08:03

Health: -1/62      AC: 18    Str: 17    XL:     8   Next: 84%
Magic:  8/8        EV:  9    Int: 11    God:
Gold:   236        SH:  0    Dex: 12    Spells: 7/7 levels left

rFire    x . .     SeeInvis .   b - +3 morningstar (protect)
rCold    + . .     Gourm    .   (no shield)
rNeg     + + +     Faith    .   u - +0 chain mail
rPois    ∞         Spirit   .   s - +0 helmet
rElec    .         Reflect  .   (no cloak)
rCorr    .         Harm     .   h - +2 pair of gloves
MR       +....                  v - +1 pair of boots
Stlth    ..........             (no amulet)
HPRegen  0.20/turn              m - +2 ring of protection
MPRegen  0.11/turn              (no ring)

@: about to teleport
A: no food or potions, fire vulnerability, cold resistance 1, negative energy
resistance 3, torment resistance, unbreathing
a: no special abilities


You were on level 6 of the Dungeon.
You were not hungry.

You visited 1 branch of the dungeon, and saw 6 of its levels.

You collected 269 gold pieces.
You spent 33 gold pieces at shops.

Inventory:

Hand Weapons
 a - a +1 shortbow
 b - a +3 morningstar of protection (weapon)
 j - a +0 hunting sling
Missiles
 d - 67 arrows
 g - 25 poisoned needles
 k - 113 stones (quivered)
 p - 21 sling bullets
 q - 6 poisoned javelins
Armour
 h - a +2 pair of gloves (worn)
 s - a +0 helmet (worn)
 u - a +0 chain mail (worn)
 v - a +1 pair of boots (worn)
Jewellery
 m - a +2 ring of protection (left hand)
Wands
 l - a wand of paralysis (14)
Scrolls
 c - a scroll of enchant weapon {!r}
 e - a scroll of identify {!r}
 f - a scroll of blinking {!r, unknown}
 i - 4 scrolls of teleportation {!r}
 n - a scroll of fear {!r}
Books
 o - a book of Minor Magic

   Spells                             Type                      Level
   a - Magic Dart                     Conjuration                  1
   b - Blink                          Translocation                2
   c - Call Imp                       Summoning                    2
   d - Slow                           Hexes                        2
   e - Conjure Flame                  Conjuration/Fire             3
   f - Mephitic Cloud                 Conjuration/Poison/Air       3


   Skills:
 + Level 5.3 Fighting
 * Level 6.8 Bows
 + Level 4.3 Armour
 + Level 4.4 Dodging
 - Level 0.7 Stealth


You had 7 spell levels left.
You didn't know any spells.

Dungeon Overview and Level Annotations

Branches:
Dungeon (6/15)
 Temple: D:4-7

Altars:
Ashenzari
Sif Muna

Shops:
D:4 *   D:5 }   D:6 (

Annotations:
D:6 Canard's ghost, novice DrBe


Innate Abilities, Weirdness & Mutations

You do not eat or drink.
Your flesh is vulnerable to fire.
You are immune to poison.
Your flesh is cold resistant. (rC+)
You are immune to negative energy. (rN+++)
You are immune to unholy pain and torment.
You can survive without breathing.


Message History

Canard's ghost hits you but does no damage.
Canard's ghost hits you.
* * * LOW HITPOINT WARNING * * *
You sock Canard's ghost!
Your weapon exudes an aura of protection.
Canard's ghost is moderately damaged.
Canard's ghost hits you but does no damage.
You hit Canard's ghost.
Canard's ghost is moderately damaged.
Canard's ghost barely misses you. Canard's ghost closely misses you.
You hit Canard's ghost.
Canard's ghost is heavily damaged.
Canard's ghost hits you but does no damage.
Your chain mail prevents you from hitting Canard's ghost.
Canard's ghost is heavily damaged.
The orc wizard casts a spell.
The orc wizard flickers and vanishes!
Canard's ghost hits you but does no damage. x2
You puncture Canard's ghost!
Canard's ghost is heavily damaged.
Canard's ghost hits you but does no damage.
You barely miss Canard's ghost.
Canard's ghost is heavily damaged.
Canard's ghost hits you but does no damage. x2
You hit Canard's ghost but do no damage.
Canard's ghost is heavily damaged.
Canard's ghost yells, "Who would have thought, even in death it is a pleasure to sever!"
Canard's ghost hits you!
* * * LOW HITPOINT WARNING * * *
You miss Canard's ghost.
Canard's ghost is heavily damaged.
Canard's ghost hits you!
* * * LOW HITPOINT WARNING * * *
Canard's ghost hits you but does no damage.
You hit Canard's ghost but do no damage.
Canard's ghost is heavily damaged.
Canard's ghost hits you but does no damage.
You hit Canard's ghost.
Canard's ghost is heavily damaged.
Canard's ghost hits you but does no damage.
Canard's ghost hits you.
* * * LOW HITPOINT WARNING * * *
You miss Canard's ghost.
Canard's ghost is heavily damaged.
Canard's ghost hits you but does no damage.
Okay, then.
You barely miss Canard's ghost.
Canard's ghost is heavily damaged.
Canard's ghost completely misses you.
Canard's ghost hits you but does no damage.
You closely miss Canard's ghost.
Canard's ghost is heavily damaged.
Canard's ghost closely misses you.
You completely miss Canard's ghost.
Canard's ghost is heavily damaged.
Canard's ghost hits you.
* * * LOW HITPOINT WARNING * * *
Canard's ghost barely misses you.
Unknown command.
Unknown command.
Really read
i - 5 scrolls of teleportation {!r}?
As you read the scroll of teleportation {!r}, it crumbles to dust.
You feel strangely unstable. Canard's ghost hits you!
You die...

###############
#......@Wo{...#
........?.###†#
..............#
..............#
..............#
#...##........#
## #.#.
###......# ...
### #......##
.... #.......#


You could see Canard's ghost and an orc.

Vanquished Creatures
  The ghost of nono the Ducker, a novice TeFi (D:4)
  Prince Ribbit (D:5)
  A hippogriff (D:6)
  Menkaure (D:5)
  Duvessa (D:4)
  A black bear (D:6)
  A bullfrog (D:6)
  Dowan (D:3)
  A howler monkey (D:6)
  A crimson imp (D:5)
  A bullfrog zombie (D:6)
  A hound (D:5)
  3 orc priests
  A jelly (D:5)
  4 orc wizards
  Terence (D:2)
  Natasha (thrice) (D:2)
  3 worker ants
  A hound skeleton (D:5)
  A worker ant zombie (D:5)
  4 gnolls
  9 adders
  2 worms (D:3)
  2 dart slugs
  9 leopard geckos
  14 orcs
  6 bats
  6 giant cockroaches
  5 goblins
  4 hobgoblins
  6 jackals
  5 quokkas
  A ball python (D:1)
  4 frilled lizards
  5 kobolds
  7 rats
118 creatures vanquished.

Notes
Turn   | Place    | Note
-------+----------+-------------------------------------------
     0 | D:1      | Amnesiac the Mummy Hunter began the quest for the Orb.
     0 | D:1      | Reached XP level 1. HP: 16/16 MP: 1/1
   185 | D:1      | Reached skill level 1 in Armour
   213 | D:1      | Reached XP level 2. HP: 17/22 MP: 2/2
   550 | D:1      | Reached XP level 3. HP: 27/27 MP: 3/3
  1191 | D:2      | Noticed Natasha
  1208 | D:2      | Killed Natasha
  1279 | D:2      | Reached XP level 4. HP: 33/34 MP: 4/4
  1312 | D:2      | Noticed Natasha
  1319 | D:2      | Killed Natasha
  1338 | D:2      | Noticed Terence
  1353 | D:2      | Killed Terence
  1353 | D:2      | Reached skill level 4 in Bows
  1566 | D:2      | Reached XP level 5. HP: 39/39 MP: 5/5
  1585 | D:2      | Noticed Natasha
  1636 | D:2      | Killed Natasha
  2329 | D:4      | Noticed Duvessa
  2329 | D:4      | Noticed Dowan
  2341 | D:4      | Killed Duvessa
  2341 | D:4      | Reached XP level 6. HP: 40/47 MP: 6/6
  2579 | D:3      | Killed Dowan
  2610 | D:4      | Reached skill level 5 in Bows
  2610 | D:4      | Reached XP level 7. HP: 33/52 MP: 7/7
  2724 | D:4      | Found a shattered altar of Ashenzari.
  2756 | D:4      | Noticed nono's ghost (novice TeFi)
  2787 | D:4      | Killed nono's ghost
  2919 | D:4      | Found a deep blue altar of Sif Muna.
  2969 | D:4      | Found Hyqorry's General Store.
  2975 | D:4      | Bought a scroll of teleportation for 33 gold pieces
  3215 | D:5      | Entered Level 5 of the Dungeon
  3561 | D:5      | Noticed Prince Ribbit
  3588 | D:5      | Reached XP level 8. HP: 46/61 MP: 8/8
  3590 | D:5      | Killed Prince Ribbit
  3590 | D:5      | Reached skill level 6 in Bows
  3665 | D:5      | Noticed Menkaure
  3672 | D:5      | Killed Menkaure
  3698 | D:5      | Found Nypa's Gadget Shoppe.
  4133 | D:6      | Reached skill level 5 in Fighting
  4154 | D:6      | Noticed a hippogriff
  4170 | D:6      | Killed a hippogriff
  4205 | D:6      | Found Witwal's Weapon Emporium.
  4229 | D:6      | Noticed Canard's ghost (novice DrBe)
  4276 | D:6      | Slain by Canard's ghost

Vault maps used:
D:1:      dpeg_arrival_water_temple_mockup
D:2:      first_bread, minmay_hedge_maze, uniq_natasha, uniq_terence
D:3:      kb_forest_paths
D:4:      nicolae_ashenzari_panopticon, serial_shops, shop,
          lemuel_blue_sif_altar, uniq_duvessa
D:5:      serial_shops, kennysheep_mini_moat, uniq_prince_ribbit1, uniq_menkaure
D:6:      serial_shops, shop_statue

Skill      XL: |  1  2  3  4  5  6  7  8 |
---------------+-------------------------+-----
Armour         | 1 2 3 4 |  4.3
Dodging        | 2 3 4 |  4.4
Bows           | 4 5 6 |  6.8
Fighting       | 3 4 5 |  5.3
Stealth        | |  0.7

Action                   |  1- 3 |  4- 6 |  7- 9 || total
-------------------------+-------+-------+-------++-------
Melee: Short sword       |    62 |    13 |       ||    75
       Mace              |       |    13 |       ||    13
       Morningstar       |       |   164 |   239 ||   403
 Fire: Shortbow          |    39 |       |     1 ||    40
       Hunting sling     |     7 |    31 |       ||    38
Throw: Stone             |       |     2 |       ||     2
  Use: Scroll            |       |       |     9 ||     9
 Stab: Sleeping          |     1 |       |       ||     1
Armor: Leather armour    |    27 |     7 |       ||    34
       Scale mail        |       |   146 |    45 ||   191
       Chain mail        |       |       |   213 ||   213
Dodge: Dodged            |    88 |   155 |   163 ||   406

Table legend:
 A = Spawn XP
 B = Non-spawn XP
 C = Spawn XP percentage of total XP
 D = Spawn monster count
 E = Non-spawn monster count
 F = Spawn count percentage of total count
 G = Total turns spent on level
                    A         B        C        D         E        F      G
               +---------+---------+-------+---------+---------+-------+---------
         Total |       0 |    2589 |   0.0 |       0 |     118 |   0.0 |  4276
               +---------+---------+-------+---------+---------+-------+---------
           D:1 |       0 |      48 |   0.0 |       0 |      24 |   0.0 |  1112
           D:2 |       0 |     217 |   0.0 |       0 |      20 |   0.0 |   792
           D:3 |       0 |     169 |   0.0 |       0 |      27 |   0.0 |   611
           D:4 |       0 |     715 |   0.0 |       0 |      11 |   0.0 |   700
           D:5 |       0 |     760 |   0.0 |       0 |      20 |   0.0 |   775
           D:6 |       0 |     680 |   0.0 |       0 |      16 |   0.0 |   286
               +---------+---------+-------+---------+---------+-------+---------
